 Dungeon Crawl Stone Soup version 0.26-a0-67-g850bfe6 (webtiles) character file.

Game seed: 6005790938253894402

3243 operationiv the Cleaver (level 9, 0/123 HPs)
             Began as a Hill Orc Fighter on June 12, 2020.
             Was a Believer of Makhleb.
             Slain by a soldier ant (9 damage)
             ... on level 8 of the Dungeon.
             The game lasted 00:08:32 (7499 turns).

operationiv the Cleaver (Hill Orc Fighter)          Turns: 7499, Time: 00:08:33

Health: 0/123      AC: 13    Str: 22    XL:     9   Next: 99%
Magic:  15/16      EV:  7    Int: 10    God:    Makhleb [**....]
Gold:   431        SH:  9    Dex: 10    Spells: 8/8 levels left

rFire    + . .     SeeInvis +   a - +0 war axe
rCold    . . .     Gourm    .   c - +0 kite shield
rNeg     . . .     Faith    +   b - +0 scale mail
rPois    +         Spirit   .   s - +3 crown of Dyrovepreva {rElec Int+2 SInv}
rElec    +         Reflect  .   (no cloak)
rCorr    .         Harm     .   (no gloves)
MR       .....                  o - +0 pair of boots
Stlth    ..........             n - amulet of faith {Faith, !P}
HPRegen  0.30/turn              g - ring of poison resistance {rPois, !d}
MPRegen  0.15/turn              u - ring of attention (curse)

@: berserking, very quick
A: horns 2, thin metallic scales 1, fire resistance 1
a: Minor Destruction, Renounce Religion


You were on level 8 of the Dungeon.
You worshipped Makhleb.
Makhleb was pleased with you.
You were not hungry.

You visited 2 branches of the dungeon, and saw 9 of its levels.

You collected 431 gold pieces.

Inventory:

Hand Weapons
 a - a +0 war axe (weapon)
 r - a +0 short sword of protection
   (You took it off an orc on level 5 of the Dungeon)
 v - a +2 whip of flaming
   (You took it off an orc on level 4 of the Dungeon)
 y - a cursed -1 short sword
   (You found it on level 5 of the Dungeon)
Armour
 b - a +0 scale mail (worn)
 c - a +0 kite shield (worn)
 o - a +0 pair of boots (worn)
   (You found it on level 3 of the Dungeon)
 s - the +3 crown of Dyrovepreva (worn) {rElec Int+2 SInv}
   (You found it on level 4 of the Dungeon)

   It affects your intelligence (+2).
   It insulates you from electricity.
   It lets you see invisible.
 B - a +1 scale mail of fire resistance
   (You found it on level 6 of the Dungeon)
Jewellery
 g - a ring of poison resistance (left hand) {rPois, !d}
   (You found it on level 1 of the Dungeon)
 n - an amulet of faith (around neck) {Faith, !P}
   (You found it on level 3 of the Dungeon)
 u - a cursed ring of attention (right hand)
   (You found it on level 4 of the Dungeon)
 E - an uncursed ring of protection from cold {unknown}
   (You found it on level 6 of the Dungeon)
 L - a cursed ring of teleportation {unknown}
   (You found it on level 8 of the Dungeon)
Wands
 C - a wand of polymorph (3)
   (You took it off an orc on level 7 of the Dungeon)
 G - a wand of acid (9)
   (You found it on level 7 of the Dungeon)
Scrolls
 e - 3 scrolls of fog {unknown}
 h - a scroll of enchant weapon {unknown}
 j - 8 scrolls of teleportation {unknown}
 k - 2 scrolls of fear {unknown}
 l - 4 scrolls of remove curse {unknown}
 m - 5 scrolls of identify {unknown}
 w - a scroll of noise {unknown}
 x - 2 scrolls of blinking {unknown}
 D - a scroll of amnesia {unknown}
 H - a scroll of random uselessness {unknown}
Potions
 d - a potion of might
 i - 2 potions of cancellation {unknown}
 p - a potion of curing {unknown}
 q - a potion of haste {unknown}
 t - a potion of invisibility {unknown}
 z - 2 potions of magic {unknown}
 A - a potion of degeneration {unknown}
 F - a potion of brilliance {unknown}
 I - 2 potions of berserk rage {!q}
 K - a potion of lignification {unknown}
 M - a potion of heal wounds {unknown}
Comestibles
 f - 12 rations
 J - 3 chunks of flesh {@w0}


   Skills:
 + Level 8.7 Fighting
 * Level 12.1 Axes
 - Level 3.2 Armour
 - Level 3.2 Shields
 * Level 9.7 Invocations


You had 8 spell levels left.
You didn't know any spells.
Your spell library contained the following spells:

 Spells                   Type           Power        Failure   Level  Hunger
 Animate Skeleton         Necr           N/A          99%         1    ##.....
 Pain                     Necr           #...         99%         1    ##.....
 Sandblast                Erth           #.....       99%         1    ##.....
 Passwall                 Tmut/Erth      #.......     100%        2    ###....
 Stone Arrow              Conj/Erth      #.....       100%        3    ####...
 Vampiric Draining        Necr           #.........   100%        3    ####...
 Animate Dead             Necr           N/A          100%        4    #####..
 Petrify                  Tmut/Erth      #.......     100%        4    #####..
 Agony                    Necr           #.......     100%        5    ######.
 Lee's Rapid Deconstruct  Erth           #.........   100%        5    ######.


Dungeon Overview and Level Annotations

Branches:
Dungeon (8/15)             Temple (1/1) D:4
   Lair: D:8-11

Altars:
Ashenzari
Cheibriados
Dithmenos
Elyvilon
Fedhas
Gozag
Hepliaklqana
Kikubaaqudgha
Makhleb
Nemelex Xobeh
Okawaru
Qazlal
Ru
Sif Muna
Trog
Uskayaw
Vehumet
Wu Jian
Xom
Yredelemnul
Zin
The Shining One

Shops:
D:7 }


Innate Abilities, Weirdness & Mutations

You have a pair of horns on your head.
You are partially covered in thin metallic scales. (AC +2)
Your flesh is heat resistant. (rF+)


Message History

No target in view!
You open the door.
You hear the slow hiss of a very distant avalanche of sand.
There is an open door here.
A worker ant comes into view.
The worker ant twitches its antennae in your direction.
A worker ant is nearby!
A worker ant is nearby!
An adder comes into view.
The adder hisses angrily.
There are monsters nearby!
You hit the adder. The adder closely misses you.
You closely miss the adder. You closely miss the worker ant.
The adder bites you. The worker ant bites you. The adder barely misses you.
The worker ant bites you but does no damage.
You take 3 damage, and have 78/81 hp.
You barely miss the adder. You hit the worker ant.
You block the adder's attack. You block the worker ant's attack.
You hit the worker ant. You hit the adder but do no damage.
The adder barely misses you.
The worker ant bites you but does no damage.
You block the adder's attack.
You hit the worker ant but do no damage.
You headbutt the worker ant, but do no damage.
You hit the adder.
The worker ant bites you but does no damage.
The adder bites you but does no damage.
You closely miss the worker ant. You headbutt the worker ant!
You kill the worker ant!
Makhleb accepts your kill.
You hit the adder. You block the adder's attack.
You barely miss the adder. The adder bites you but does no damage.
You block the adder's attack.
You completely miss the adder. Your headbutt misses the adder.
The adder bites you but does no damage.
You completely miss the adder. Your headbutt misses the adder.
The adder bites you but does no damage.
You slash the adder!
You kill the adder!
Makhleb accepts your kill.
No target in view!
No target in view!
You butcher the worker ant corpse.
J - 3 chunks of flesh {@w0} (gained 2)
An ice beast comes into view.
Health restored: 81 A two-headed ogre comes into view.
It is wielding a +0 giant club and a +0 giant spiked club.
The two-headed ogre shouts in stereo!
You slash the ice beast! You block the ice beast's attack.
There are monsters nearby!
You hit the ice beast but do no damage. You block the ice beast's attack.
There are monsters nearby!
You slash the ice beast!
You kill the ice beast!
Makhleb accepts your kill.
Health restored: 82 A two-headed ogre is nearby!
You hit the two-headed ogre. You headbutt the two-headed ogre!
You block the two-headed ogre's attack. x2
A soldier ant comes into view.
You closely miss the two-headed ogre.
The soldier ant twitches its antennae in your direction.
You headbutt the two-headed ogre!
Your shield and scale mail prevent you from hitting the two-headed ogre.
The two-headed ogre hits you with a +0 giant club!!
The two-headed ogre hits you with a +0 giant spiked club!
You take 28 damage, and have 54/82 hp.
MASSIVE DAMAGE!!
You completely miss the two-headed ogre.
The two-headed ogre hits you with a +0 giant club!!
The two-headed ogre barely misses you.
You take 22 damage, and have 32/82 hp.
MASSIVE DAMAGE!!
You hit the two-headed ogre. You headbutt the two-headed ogre.
The two-headed ogre hits you with a +0 giant club.
The two-headed ogre hits you with a +0 giant spiked club!!
* * * LOW HITPOINT WARNING * * *
You take 24 damage, and have 8/82 hp.
MASSIVE DAMAGE!!
It was a potion of berserk rage.
A red film seems to cover your vision as you go berserk!
You feel yourself moving faster!
You feel mighty!
You now have 13/123 hp.
Unknown command.
You hit the two-headed ogre.
The two-headed ogre hits you with a +0 giant club.
* * * LOW HITPOINT WARNING * * *
You block the two-headed ogre's attack.
You take 4 damage, and have 9/123 hp.
Unknown command.
You slash the two-headed ogre! You headbutt the two-headed ogre!
You slash the soldier ant!
Unknown command.
You slash the two-headed ogre!
You kill the two-headed ogre!
Makhleb accepts your kill.
Your Axes skill increases to level 12!
Your Invocations skill increases to level 9!
You completely miss the soldier ant. The soldier ant stings you!
You die...

#......'.........
#......#.........
#......#.........
#......#.........
##..##.####..###.
#####.### ..###
#.......#......
##.##...[#......
.......@........
.######)a..#####
#=........#
#.........#
#.........#
#.........#
#.........#
....?.......
.............


You could see a soldier ant.

Vanquished Creatures
  A two-headed ogre (D:8)
  Grinder (D:6)
  Sigmund (D:4)
  An orc warrior (D:7)
  2 ice beasts
  2 ogres (D:5)
  3 sky beasts
  A phantom (D:5)
  4 centaurs
  4 bullfrogs
  A water moccasin zombie (D:7)
  A scorpion (D:5)
  3 crimson imps
  A bullfrog zombie (D:6)
  A centaur skeleton (D:8)
  4 orc priests
  3 orc wizards
  9 worker ants
  A hound zombie (D:6)
  2 hound skeletons
  8 adders
  A shadow imp (D:5)
  2 adder skeletons
  5 leopard geckos
  24 orcs
  3 ball pythons
  5 bats
  A giant cockroach (D:1)
  7 goblins
  4 hobgoblins
  2 jackals (D:7)
  4 kobolds
  4 quokkas
  2 frilled lizards
  A leopard gecko skeleton (D:4)
  6 rats
125 creatures vanquished.

Notes
Turn   | Place    | Note
-------+----------+-------------------------------------------
     0 | D:1      | operationiv the Hill Orc Fighter began the quest for the
                  | Orb.
     0 | D:1      | Reached XP level 1. HP: 19/19 MP: 1/1
   109 | D:1      | Reached skill level 3 in Axes
   142 | D:1      | Reached XP level 2. HP: 27/27 MP: 2/2
   326 | D:1      | Reached skill level 4 in Fighting
   632 | D:2      | Found a faded altar of an unknown god.
   646 | D:2      | Reached skill level 4 in Axes
   646 | D:2      | Reached XP level 3. HP: 10/33 MP: 3/3
   648 | D:2      | HP: 8/33 [poisoned by an adder]
   649 | D:2      | Gained mutation: You have a pair of small horns on your
                  | head. [potion of mutation]
   649 | D:2      | Gained mutation: You are partially covered in thin metallic
                  | scales. (AC +2) [potion of mutation]
   649 | D:2      | Gained mutation: You have a pair of horns on your head.
                  | [potion of mutation]
   649 | D:2      | Gained mutation: Your flesh is heat resistant. (rF+)
                  | [potion of mutation]
  1462 | D:3      | Noticed a centaur
  1474 | D:3      | Killed a centaur
  1474 | D:3      | Reached skill level 5 in Axes
  1474 | D:3      | Reached XP level 4. HP: 21/41 MP: 4/4
  1474 | D:3      | Reached XP level 5. HP: 24/47 MP: 5/5
  1770 | D:3      | Reached skill level 5 in Fighting
  1770 | D:3      | Reached skill level 6 in Axes
  1951 | D:3      | Reached XP level 6. HP: 34/56 MP: 6/6
  2497 | D:3      | Reached skill level 7 in Axes
  2629 | D:4      | Noticed Sigmund
  2636 | D:4      | Killed Sigmund
  2738 | D:4      | Found the +3 crown of Dyrovepreva {rElec Int+2 SInv}
  2776 | D:4      | Found a staircase to the Ecumenical Temple.
  2785 | Temple   | Entered the Ecumenical Temple
  2841 | Temple   | Became a worshipper of Makhleb the Destroyer
  2904 | D:4      | Reached skill level 6 in Fighting
  2975 | D:4      | Reached skill level 1 in Invocations
  2975 | D:4      | Reached XP level 7. HP: 63/63 MP: 7/7
  3272 | D:4      | Found an iron altar of Okawaru.
  3616 | D:5      | Entered Level 5 of the Dungeon
  3631 | D:5      | Reached skill level 8 in Axes
  3747 | D:5      | Reached skill level 2 in Invocations
  3782 | D:5      | Reached skill level 3 in Invocations
  4027 | D:5      | Reached skill level 4 in Invocations
  4036 | D:5      | Reached skill level 9 in Axes
  4036 | D:5      | Reached XP level 8. HP: 33/71 MP: 11/11
  4219 | D:5      | Found a blossoming altar of Fedhas.
  4442 | D:5      | Found a white marble altar of Elyvilon.
  4728 | D:5      | Reached skill level 5 in Invocations
  4993 | D:6      | Noticed Grinder
  5080 | D:6      | Paralysed by Grinder for 7 turns
  5094 | D:6      | Killed Grinder
  5094 | D:6      | Reached * piety under Makhleb
  5094 | D:6      | Reached skill level 7 in Fighting
  5339 | D:6      | Reached skill level 6 in Invocations
  5442 | D:6      | Reached skill level 10 in Axes
  5844 | D:6      | Reached skill level 7 in Invocations
  5844 | D:6      | Reached XP level 9. HP: 77/79 MP: 14/14
  6188 | D:6      | Found an iron altar of Okawaru.
  6189 | D:6      | Found an ornate altar of the Wu Jian Council.
  6329 | D:7      | Found Sus Luox's Gadget Boutique.
  6465 | D:7      | Found a shimmering blue altar of Sif Muna.
  6470 | D:7      | Reached skill level 11 in Axes
  6470 | D:7      | Reached skill level 8 in Invocations
  6535 | D:7      | Reached skill level 8 in Fighting
  6561 | D:7      | HP: 15/81 [orc warrior/+0 hand axe (9)]
  6568 | D:7      | Reached ** piety under Makhleb
  6571 | D:7      | HP: 29/121 [orc/+0 flail (1)]
  7484 | D:8      | Noticed a two-headed ogre
  7493 | D:8      | HP: 8/82 [two-headed ogre/+0 giant club (21)]
  7499 | D:8      | Killed a two-headed ogre
  7499 | D:8      | Reached skill level 12 in Axes
  7499 | D:8      | Reached skill level 9 in Invocations
  7499 | D:8      | Slain by a soldier ant

Illustrated notes

Levels and vault maps discovered:
D:1:      tarquinn_simple_flora_water_a, layout_rooms
D:2:      layout_basic, chequers_ecumenical_altar_simple
D:3:      layout_loops_ring
D:4:      layout_basic, minmay_temple_entry_glass, okawaru_ov_weapons_minmay,
          uniq_sigmund
D:5:      layout_loops_ring, kennysheep_little_box, first_ration, basic_altar
D:6:      layout_basic, amethyst_overflow_temple_binary, uniq_grinder
D:7:      layout_basic, kennysheep_mini, serial_shops, shop
D:8:      minmay_cut_squares, layout_gridville,
          nicolae_ossuary_entry_false_entrances
Temple:   compressed_dpeg_circular_temple

Skill      XL: |  1  2  3  4  5  6  7  8  9 |
---------------+----------------------------+-----
Axes           | 3 4 5 6 7 9 10 12 | 12.1
Fighting       | 4 5 6 7 8 |  8.7
Invocations    | 1 4 7 9 |  9.7
Armour         | |  3.2
Shields        | |  3.2

Action                   |  1- 3 |  4- 6 |  7- 9 || total
-------------------------+-------+-------+-------++-------
Melee: War axe           |   109 |    93 |   265 ||   467
       Headbutt          |     4 |    16 |    56 ||    76
Invok: Minor Destruction |       |       |     1 ||     1
  Use: Potion            |     3 |       |     2 ||     5
  Eat: Chunk             |     2 |     5 |    14 ||    21
Armor: Scale mail        |    52 |    37 |    94 ||   183
       Skin              |       |       |     6 ||     6
Dodge: Dodged            |    40 |    25 |    62 ||   127
Block: Kite shield       |    78 |    36 |   114 ||   228

Table legend:
 A = Non-vault XP
 B = Vault XP
 C = Vault XP percentage of total XP
 D = Non-vault monster count
 E = Vault monster count
 F = Vault count percentage of total count
                 A         B        C        D         E       F
            +---------+---------+-------+---------+---------+-------
      Total |    3116 |    1518 |  32.8 |     121 |       4 |   3.2
            +---------+---------+-------+---------+---------+-------
        D:1 |      30 |       0 |   0.0 |      17 |       0 |   0.0
        D:2 |      40 |       0 |   0.0 |       8 |       0 |   0.0
        D:3 |     306 |       0 |   0.0 |      27 |       0 |   0.0
        D:4 |      76 |     197 |  72.2 |      11 |       1 |   8.3
        D:5 |     907 |       0 |   0.0 |      20 |       0 |   0.0
        D:6 |     779 |     267 |  25.5 |      18 |       1 |   5.3
        D:7 |     876 |       0 |   0.0 |      16 |       0 |   0.0
        D:8 |     102 |    1054 |  91.2 |       4 |       2 |  33.3
            +---------+---------+-------+---------+---------+-------

Levels and vault maps discovered:
D:1:      tarquinn_simple_flora_water_a, layout_rooms
D:2:      layout_basic, chequers_ecumenical_altar_simple
D:3:      layout_loops_ring
D:4:      layout_basic, minmay_temple_entry_glass, okawaru_ov_weapons_minmay,
          uniq_sigmund
D:5:      layout_loops_ring, kennysheep_little_box, first_ration, basic_altar
D:6:      layout_basic, amethyst_overflow_temple_binary, uniq_grinder
D:7:      layout_basic, kennysheep_mini, serial_shops, shop
D:8:      minmay_cut_squares, layout_gridville,
          nicolae_ossuary_entry_false_entrances
Temple:   compressed_dpeg_circular_temple

Table legend:
 A = Turns spent in this place as a percentage of turns spent in the entire game.
 B = Non-inter-level travel turns spent in this place as a percentage of non-inter-level travel turns spent in the entire game.
 C = Inter-level travel turns spent in this place as a percentage of turns spent in this place.
 D = Turns resting spent in this place as a percentage of non-inter-level travel turns spent in this place.
 E = Turns spent auto-exploring this place as a percentage of non-inter-level travel turns spent in this place.
 F = Non-inter-level travel turns spent in this place divided by the number of levels of this place that you've seen.
                   A       B       C       D       E      F
               +-------+-------+-------+-------+-------+----------------------
         Total | 100.0 | 100.0 |   2.9 |  20.8 |  66.0 | 809.0
       Dungeon |  98.9 |  99.2 |   2.6 |  21.0 |  65.8 | 903.0
        Temple |   1.1 |   0.8 |  32.9 |   0.0 |  87.7 |  57.0
               +-------+-------+-------+-------+-------+----------------------

Table legend:
 A = Kills in this place as a percentage of kills in entire the game.
 B = Kills by you in this place as a percentage of kills by you in the entire game.
 C = Kills by friends in this place as a percentage of kills by friends in the entire game.
 D = Other kills in this place as a percentage of other kills in the entire game.
 E = Experience gained in this place as a percentage of experience gained in the entire game.
 F = Experience gained in this place divided by the number of levels of this place that you have seen.
                   A       B       C       D       E      F
               +-------+-------+-------+-------+-------+----------------------
         Total | 100.0 | 100.0 |   N/A |   N/A | 100.0 | 514.9
       Dungeon | 100.0 | 100.0 |   N/A |   N/A | 100.0 | 579.2
               +-------+-------+-------+-------+-------+----------------------
